 Seeded DCSS version 0.28.0-53-g5a82cb258f (webtiles) character file.

Game seed: 694206664214 (custom seed)

256 nrs142 the Chopper (level 5, -5/48 HPs)
             Began as a Minotaur Monk on June 13, 2022.
             Was a Priest of Qazlal.
             Slain by an iron imp (9 damage)
             ... on level 3 of the Dungeon.
             The game lasted 00:03:34 (2242 turns).

nrs142 the Chopper (Minotaur Monk)                  Turns: 2242, Time: 00:03:35

Health: -5/48      AC:  2    Str: 18    XL:     5   Next: 92%
Magic:  4/4        EV: 13    Int:  7    God:    Qazlal [***...]
Gold:   64         SH:  3    Dex: 12    Spells: 4/4 levels left

rFire   . . .      SeeInvis .   a - +0 hand axe
rCold   . . .      Faith    .   (no shield)
rNeg    . . .      Spirit   .   b - +0 robe
rPois   .          Reflect  .   (helmet restricted)
rElec   .          Harm     .   (no cloak)
rCorr   .          Rampage  .   (no gloves)
Will    .....                   (no boots)
Stlth   ++........              (no amulet)
HPRegen 0.16/turn               j - ring of flight
MPRegen 0.09/turn               (no ring)

@: flying
A: horns 2, retaliatory headbutt
a: Renounce Religion, Upheaval, Elemental Force


You were on level 3 of the Dungeon.
You worshipped Qazlal.
Qazlal was most pleased with you.
You visited 1 branch of the dungeon, and saw 3 of its levels.

You collected 64 gold pieces.

Inventory:

Hand Weapons
 a - a +0 hand axe (weapon)
Armour
 b - a +0 robe (worn)
Jewellery
 j - a ring of flight (left hand)
Scrolls
 c - a scroll of torment
 d - a scroll of teleportation {unknown}
 e - a scroll of identify
 f - a scroll of blinking {unknown}
 g - a scroll of magic mapping {unknown}
 h - a scroll of fear {unknown}
 i - a scroll of enchant armour {unknown}
 k - a scroll of immolation {unknown}


   Skills:
 + Level 5.0 Fighting
 + Level 5.5 Axes
 + Level 4.4 Dodging
 + Level 2.9 Stealth


You had 4 spell levels left.
You didn't know any spells.
Your spell library was empty.

Dungeon Overview and Level Annotations

Branches:
Dungeon (3/15)

Altars:
Cheibriados
Qazlal

Annotations:
D:3 Pargi, Robin


Innate Abilities, Weirdness & Mutations

You have a pair of horns on your head.
You reflexively headbutt those who attack you in melee.


Message History

Qazlal accepts your kill.
You hear a shout!
The goblin closely misses you. Robin throws the goblin at you!
The goblin hits you with a +0 dagger.
A goblin comes into view. It is wielding a +0 club.
The orc misses you. You furiously retaliate!
You headbutt the orc.
You kill the orc!
Qazlal accepts your kill. The iron imp hits you!
* * * LOW HITPOINT WARNING * * *
You barely miss the iron imp.
The iron imp is lightly wounded.
You closely miss the goblin. You hit the goblin.
You kill the goblin!
Qazlal accepts your kill.
You barely miss the goblin. The goblin closely misses you.
The goblin misses you.
Pargi the Meek comes into view.
You hit the iron imp.
You headbutt the iron imp, but do no damage.
The iron imp is lightly wounded.
You barely miss the goblin. You closely miss the goblin.
The iron imp barely misses you. The goblin hits you but does no damage.
You block the goblin's attack.
A goblin comes into view. It is wielding a +0 club.
Press: ? - help, v - describe, . - travel A rock wall.
Unknown command.
You hit the iron imp.
The iron imp is heavily wounded.
You hit the goblin.
You kill the goblin!
Qazlal accepts your kill.
You hit the goblin.
You kill the goblin!
Qazlal accepts your kill.
Robin hits you from afar with a +0 spear.
* * * LOW HITPOINT WARNING * * *
The iron imp hits you!
You die...

##.... .....#
.....#
####.....##
####..........
#.g...........
#.g)§)._....
#g)@5......
#.)B☼......
####.....##
.....# .....#
##.### .# .#


You could see an iron imp, Robin, a giant cockroach and 2 goblins.

Vanquished Creatures
  Grinder (D:3)
  An adder (D:2)
  A dart slug (D:1)
  An orc (D:3)
  2 bats
  3 endoplasms
  9 goblins
  6 hobgoblins
  3 quokkas (D:1)
  5 ball pythons
  2 frilled lizards
  4 kobolds
  3 rats (D:1)
41 creatures vanquished.

Vanquished Creatures (others)
  A plant (D:2)
1 creature vanquished.

Grand Total: 42 creatures vanquished

Notes
Turn   | Place    | Note
-------+----------+-------------------------------------------
     0 | D:1      | nrs142 the Minotaur Monk began the quest for the Orb.
     0 | D:1      | Reached XP level 1. HP: 19/19 MP: 0/0
   263 | D:1      | Reached XP level 2. HP: 12/27 MP: 1/1
  1404 | D:2      | Reached XP level 3. HP: 33/33 MP: 2/2
  1796 | D:2      | Found a faded altar of an unknown god.
  2002 | D:2      | Prayed at the altar of an unknown god.
  2002 | D:2      | Became a worshipper of Qazlal Stormbringer
  2002 | D:2      | Reached * piety under Qazlal
  2002 | D:2      | Reached ** piety under Qazlal
  2033 | D:3      | Noticed Grinder
  2044 | D:3      | HP: 1/33 [Grinder (2)]
  2052 | D:3      | Killed Grinder
  2053 | D:3      | Reached skill level 5 in Fighting
  2053 | D:3      | Reached skill level 5 in Axes
  2053 | D:3      | Reached XP level 4. HP: 23/42 MP: 3/3
  2053 | D:3      | Reached XP level 5. HP: 27/48 MP: 4/4
  2233 | D:3      | Found a snail-covered altar of Cheibriados.
  2233 | D:3      | Noticed Robin
  2235 | D:3      | Reached *** piety under Qazlal
  2240 | D:3      | Noticed Pargi
  2242 | D:3      | Slain by an iron imp

Illustrated notes

Levels and vault maps discovered:
D:1:      eino_arrival_druids_welcome, layout_loops_ring
D:2:      layout_basic, ebering_ecumenical_altar_hall, nrook_mini_vaults,
          serial_bayou_pond_a
D:3:      layout_rooms, slow_altar_1, gammafunk_ghost_nasty_kobolds,
          goddamned_bats, uniq_robin, uniq_grinder, uniq_sigmund, uniq_pargi

Skill      XL: |  1  2  3 |
---------------+----------+-----
Fighting       | 4 5 |  5.0
Axes           | 4 5 |  5.5
Stealth        | 2 |  2.9
Dodging        | 4 |  4.4

Action                   |  1- 3 |  4- 6 || total
-------------------------+-------+-------++-------
Melee: Hand axe          |    61 |     7 ||    68
       Headbutt          |    11 |     2 ||    13
  Use: Potion            |     2 |       ||     2
       Scroll            |       |     1 ||     1
 Stab: Sleeping          |     4 |       ||     4
Armor: Robe              |    15 |     1 ||    16
Dodge: Dodged            |    48 |    10 ||    58
Block: Other             |     1 |     3 ||     4
